 Dungeon Crawl Stone Soup version 0.29-a0-323-g050149af67 (webtiles) character file.

Game seed: 15512221102696960606

263 spaghetti the Sneak (level 6, -1/42 HPs)
             Began as an Octopode Chaos Knight on Apr 10, 2022.
             Was a Plaything of Xom.
             Slain by an adder (2 damage)
             ... on level 3 of the Dungeon.
             The game lasted 00:04:38 (3087 turns).

spaghetti the Sneak (Octopode Chaos Knight)         Turns: 3087, Time: 00:04:39

Health: -1/42      AC:  1    Str: 12    XL:     6   Next: 19%
Magic:  6/6        EV: 13    Int: 14    God:    Xom [.*....]
Gold:   767        SH:  0    Dex: 13    Spells: 5/5 levels left

rFire   . . .      SeeInvis .   a - +0 falchion (chaos) {long}
rCold   . . .      Faith    .   (no shield)
rNeg    . . .      Spirit   .   (helmet restricted)
rPois   .          Reflect  .   (no amulet)
rElec   .          Harm     .   (no ring)
rCorr   .          Rampage  .   (no ring)
Will    .....                   (no ring)
Stlth   +++.......              (no ring)
HPRegen 0.14/turn               (no ring)
MPRegen 0.10/turn               (no ring)
                                (no ring)
                                (no ring)

@: brilliant, silenced
A: almost no armour, amphibious, 8 rings, camouflage 1, gelatinous body 1,
(nimble swimmer 1), tentacles
a: Renounce Religion


You were on level 3 of the Dungeon.
You worshipped Xom.
You were a plaything of Xom.
You visited 1 branch of the dungeon, and saw 3 of its levels.

You collected 767 gold pieces.


Innate Abilities, Weirdness & Mutations

You cannot wear most types of armour.
You are amphibious.
You can wear up to eight rings at the same time.
Your skin changes colour to match your surroundings (Stealth+).
Your rubbery body absorbs attacks. (AC +1, EV +1)
((You are camouflaged when in or above water. (Stealth+)))
You have tentacles for arms and can constrict up to eight enemies at once.


   Skills:
 - Level 3.0 Fighting
 - Level 3.0 Long Blades
 + Level 3.4 Throwing
 - Level 2.3 Dodging
 + Level 6.6 Stealth


You had 5 spell levels left.
You didn't know any spells.
Your spell library contained the following spells:

 Spells                   Type           Power      Damage    Failure   Level
 Gell's Gravitas          Tloc           0%         N/A       65%         3
 Lesser Beckoning         Tloc           0%         N/A       65%         3
 Teleport Other           Tloc           0%         N/A       65%         3

Inventory:

Hand Weapons
 a - a +0 falchion of chaos (weapon) {long}
Missiles
 e - 48 stones (quivered) {throwing}
 m - 10 poisoned darts {throwing}
Armour
 p - a +1 kite shield
   (You found it on level 2 of the Dungeon)
Scrolls
 c - a scroll of fear {unknown}
 f - a scroll of noise {unknown}
 h - a scroll of fog {unknown}
 i - a scroll of identify {unknown}
 j - a scroll of vulnerability {unknown}
 o - 2 scrolls of amnesia
Miscellaneous
 b - a piece from Xom's chessboard (14/15)

Dungeon Overview and Level Annotations

Branches:
Dungeon (3/15)

Altars:

Shops:
D:3 :

Annotations:
D:3 Grinder

.....###.#######
.....# #.#
.....#
#.#########
.....#
#.........#
.....#
#########.#
.....# #.#
.....# #.#
.....# #.#
.....# #@# #S#
#)# #5# #)# #(#
#(# ..#


You could see Grinder (unsilenced) and an adder.


Message History

You take 7 damage, and now have 25/42 hp.
You barely miss the hobgoblin.
Robin shouts!
You grab the hobgoblin. You squeeze the hobgoblin.
You kill the hobgoblin!
A goblin comes into view.
It is wielding a +0 club. 😮 HP[+1] It was a potion of brilliance.
You feel clever all of a sudden.
Robin roars a battlecry!
The goblins go into a battle-frenzy!
The goblin closely misses you.
Unknown command.
You hit the goblin.
You kill the goblin!
You hit the hobgoblin but do no damage.
Nothing appears to happen.
You grab the hobgoblin. You squeeze the hobgoblin.
You kill the hobgoblin!
Robin throws the goblin at you! 😮 HP[-1]
You take 1 damage, and now have 25/42 hp.
Unknown command.
You hit the goblin.
You kill the goblin!
The goblin unwields a +0 dagger.
The goblin wields a +0 hunting sling.
The goblin shoots a sling bullet.
The sling bullet completely misses you.
Grinder comes into view.
She is carrying a wand of polymorph (5).
Unknown command.
Unknown command.
Aiming: Throw Flame
Press: ? - help, Shift-Dir - straight line, f - goblin
Aim: a goblin, wielding a +0 hunting sling (strong, 60% to hit)
The puff of flame misses the goblin. x2; The puff of flame hits Robin.
Grinder shouts!
You hear an angry hiss.
The goblin shoots a sling bullet.
The sling bullet hits you. 😮 HP[-2]
You take 2 damage, and now have 23/42 hp.
Aiming: Throw Flame
Press: ? - help, Shift-Dir - straight line, f/p - goblin
Aim: a goblin, wielding a +0 hunting sling (strong, 60% to hit)
The puff of flame hits the goblin!
You kill the goblin!
The now-empty wand crumbles to dust.
No previous command to re-do.
You make a move on Xom's chessboard...
The goblin flickers and vanishes!
Deactivating autopickup; reactivate with Ctrl-A.
An adder comes into view.
Grinder blinks! 😮 HP[+1] Unknown command.
As you read the scroll labelled VYIKIN FEYRUMOIX, it crumbles to dust.
It is a scroll of enchant armour.
Your +0 kite shield glows green for a moment.
Something hits you.
* * * LOW HITPOINT WARNING * * *
😨 HP[-6]
You take 6 damage, and now have 18/42 hp.
As you read the scroll labelled UGRISTR QUCUEDD, it crumbles to dust.
A profound silence engulfs you.
It was a scroll of silence.
Something hits you.
* * * LOW HITPOINT WARNING * * *
Robin throws something at you!
* * * LOW HITPOINT WARNING * * *
😨 HP[-7]
You take 7 damage, and now have 11/42 hp.
Unknown command.
You feel better. Something hits you.
* * * LOW HITPOINT WARNING * * *
😨 HP[+5]
You regained 5 hp, and now have 16/42 hp.
Unknown command.
Unknown command.
You hit Robin but do no damage.
Robin goes berserk!
You grab Robin. You constrict Robin. Robin barely misses you.
Something hits you but does no damage. Robin hits you with a +0 dagger.
* * * LOW HITPOINT WARNING * * *
Unknown command.
Unknown command. 😨 HP[-2]
You take 2 damage, and now have 14/42 hp.
Unknown command.
Magic scrolls do not work when you're silenced!
You aren't carrying any potions.
You hit Robin. You freeze Robin. You squeeze Robin, but do no damage.
You constrict Robin. Robin closely misses you. Something hits you.
* * * LOW HITPOINT WARNING * * *
Robin hits you with a +0 dagger.
* * * LOW HITPOINT WARNING * * *
😱 HP[-11]
You take 11 damage, and now have 3/42 hp.
MASSIVE DAMAGE!! (PAUSE) Unknown command.
Unknown command.
You hit Robin.
Space warps horribly around Robin!!
You kill Robin!
Something hits you.
* * * LOW HITPOINT WARNING * * *
The adder bites you.
You die...
Xom thinks this is hilarious!

Skill      XL: |  1  2  3 |
---------------+----------+-----
Stealth        | 2 3 6 |  6.6
Throwing       | 3 |  3.4
Fighting       | |  3.0
Long Blades    | |  3.0
Dodging        | |  2.3

Action                   |  1- 3 |  4- 6 || total
-------------------------+-------+-------++-------
Melee: Falchion          |    70 |    21 ||    91
       Tentacles         |    10 |     6 ||    16
       Constrict         |    13 |     4 ||    17
       Punch             |     1 |       ||     1
Throw: Stone             |    10 |    20 ||    30
Evoke: Piece from Xom's  |     2 |     1 ||     3
       Wand              |       |     2 ||     2
  Use: Potion            |     4 |     2 ||     6
       Scroll            |       |     3 ||     3
 Stab: Sleeping          |    14 |     1 ||    15
       Confused          |     2 |       ||     2
       Distracted        |       |     1 ||     1
Armor: Skin              |     5 |     1 ||     6
Dodge: Dodged            |    35 |    13 ||    48

Levels and vault maps discovered:
D:1:      sevenhm_arrival_forest_fort_large_4, layout_loops_ring,
          minmay_strange_pillars, minivault_19
D:2:      layout_basic, serial_park_tiny_pond
D:3:      layout_basic, lightli_sewer_entry_pipes, serial_shops, shop,
          uniq_grinder, uniq_robin, uniq_natasha, uniq_sigmund

Notes
Turn   | Place    | Note
-------+----------+-------------------------------------------
     0 | D:1      | spaghetti the Octopode Chaos Knight began the quest for the
                  | Orb.
     0 | D:1      | Reached XP level 1. HP: 16/16 MP: 1/1
     0 | D:1      | magus.rc [v1.9.6]
    19 | D:1      | XOM: butterfly on damage
    24 | D:1      | Reached skill level 1 in Stealth
   146 | D:1      | Reached skill level 2 in Stealth
   153 | D:1      | Reached XP level 2. HP: 21/21 MP: 2/2
   488 | D:1      | Reached skill level 3 in Stealth
   760 | D:1      | Reached XP level 3. HP: 26/26 MP: 3/3
  1131 | D:1      | XOM is BORED!
  1186 | D:1      | XOM: silly message
  1221 | D:2      | Reached skill level 4 in Stealth
  1401 | D:2      | Reached skill level 1 in Throwing
  1462 | D:2      | XOM: noise
  1575 | D:2      | You pick up a book of Displacement and begin reading...
  1575 | D:2      | You add the spells Lesser Beckoning, Gell's Gravitas and
                  | Teleport Other to your library.
  2154 | D:3      | Noticed Sigmund
  2167 | D:3      | XOM: cast spell 'Leda's Liquefaction'
  2175 | D:3      | Killed Sigmund
  2176 | D:3      | Reached skill level 3 in Throwing
  2176 | D:3      | Reached skill level 6 in Stealth
  2176 | D:3      | Reached XP level 4. HP: 13/31 MP: 4/4
  2176 | D:3      | Reached XP level 5. HP: 15/36 MP: 5/5
  2414 | D:3      | XOM: noise
  2416 | D:3      | XOM: silly message
  2725 | D:3      | Reached XP level 6. HP: 24/42 MP: 6/6
  2726 | D:3      | XOM: god gift: 631 gold pieces
  2843 | D:3      | XOM: god gift: pair of glowing gloves {god gift}
  3011 | D:3      | XOM: 4-stop teleportation journey
  3027 | D:3      | Found Uqeciba's Book Shop.
  3073 | D:3      | Noticed Robin
  3078 | D:3      | Noticed Grinder
  3086 | D:3      | HP: 9/42 [something (5)]
  3086 | D:3      | HP: 3/42 [Robin/+0 dagger (6)]
  3087 | D:3      | Killed Robin
  3087 | D:3      | HP: 1/42 [something (3)]
  3087 | D:3      | Slain by an adder

Vanquished Creatures
  Sigmund (D:3)
  A jelly (D:3)
  Robin (D:3)
  An adder (D:2)
  2 dart slugs (D:1)
  An orc (D:3)
  3 endoplasms (D:1)
  2 giant cockroaches (D:2)
  7 goblins
  7 hobgoblins
  2 quokkas (D:1)
  8 ball pythons
  7 bats
  4 frilled lizards
  4 kobolds
  7 rats
58 creatures vanquished.

Table legend:
 A = Non-vault XP
 B = Vault XP
 C = Vault XP percentage of total XP
 D = Non-vault monster count
 E = Vault monster count
 F = Vault count percentage of total count
                 A         B        C        D         E       F
            +---------+---------+-------+---------+---------+-------
      Total |     129 |     263 |  67.1 |      48 |      10 |  17.2
            +---------+---------+-------+---------+---------+-------
        D:1 |      41 |       0 |   0.0 |      27 |       0 |   0.0
        D:2 |      30 |       0 |   0.0 |      11 |       0 |   0.0
        D:3 |      58 |     263 |  81.9 |      10 |      10 |  50.0
            +---------+---------+-------+---------+---------+-------

Illustrated notes

Table legend:
 A = Kills in this place as a percentage of kills in entire the game.
 B = Kills by you in this place as a percentage of kills by you in the entire game.
 C = Kills by friends in this place as a percentage of kills by friends in the entire game.
 D = Other kills in this place as a percentage of other kills in the entire game.
 E = Experience gained in this place as a percentage of experience gained in the entire game.
 F = Experience gained in this place divided by the number of levels of this place that you have seen.
                   A       B       C       D       E      F
               +-------+-------+-------+-------+-------+----------------------
         Total | 100.0 | 100.0 |   N/A |   N/A | 100.0 | 130.7
       Dungeon | 100.0 | 100.0 |   N/A |   N/A | 100.0 | 130.7
               +-------+-------+-------+-------+-------+----------------------

Table legend: (Time is in decaauts)
 A = Elapsed time spent in this place.
 B = Non-inter-level travel time spent in this place.
 C = Inter-level travel time spent in this place.
 D = Time resting spent in this place.
 E = Time spent auto-exploring this place.
 F = Levels seen in this place.
 G = Mean time per level.
                   A        B        C        D        E       F      G
               +--------+--------+--------+--------+--------+-----+--------+
         Total |   3099 |   2991 |    108 |    674 |   1942 |   3 | 1033.0 |
       Dungeon |   3099 |   2991 |    108 |    674 |   1942 |   3 | 1033.0 |
               +--------+--------+--------+--------+--------+-----+--------+

Top non-repeatable levels by time:
     D:1: 1205 daAuts
     D:3: 991 daAuts
     D:2: 902 daAuts
